 Dungeon Crawl Stone Soup version 0.28.0 (webtiles) character file.

Game seed: 6350210471721511240

1941 Alacron the Grappler (level 8, -9/78 HPs)
             Began as a Troll Berserker on Feb 16, 2022.
             Was an Elder of Trog.
             Mangled by an ice beast (10 damage)
             ... on level 6 of the Dungeon.
             The game lasted 00:06:35 (4353 turns).

Alacron the Grappler (Troll Berserker)              Turns: 4353, Time: 00:06:38

Health: -9/78      AC:  4    Str: 28    XL:     8   Next: 98%
Magic:  7/7        EV: 15    Int:  3    God:    Trog [****..]
Gold:   306        SH:  0    Dex:  9    Spells: 7/7 levels left

rFire   . . .      SeeInvis .     - Unarmed
rCold   . . .      Faith    .   (no shield)
rNeg    . . .      Spirit   .   a - +0 animal skin
rPois   .          Reflect  .   (helmet restricted)
rElec   .          Harm     .   (no cloak)
rCorr   .          Rampage  .   (gloves unavailable)
Will    .....                   (boots unavailable)
Stlth   ++........              (no amulet)
HPRegen 1.03/turn               r - +4 ring of evasion
MPRegen 0.10/turn               (no ring)

@: no status effects
A: large, unfitting armour, claws 3, regeneration 1, shaggy fur 1, tough skin 1
a: Renounce Religion, Berserk, Trog's Hand, Brothers in Arms


You were on level 6 of the Dungeon.
You worshipped Trog.
Trog was greatly pleased with you.
You visited 1 branch of the dungeon, and saw 6 of its levels.

You collected 306 gold pieces.

Inventory:

Armour
 a - a +0 animal skin (worn)
Jewellery
 r - a +4 ring of evasion (left claw)
Wands
 u - a wand of polymorph (1)
Scrolls
 b - 2 scrolls of fog {unknown}
 c - 2 scrolls of blinking {unknown}
 d - a scroll of enchant armour {unknown}
 h - a scroll of fear {unknown}
 i - 3 scrolls of vulnerability {unknown}
 k - a scroll of noise {unknown}
 l - 2 scrolls of summoning {unknown}
 n - a scroll of teleportation {unknown}
 o - 2 scrolls of identify {unknown}
 q - 2 scrolls of enchant weapon {unknown}
Potions
 e - a potion of haste {unknown}
 f - a potion of heal wounds {unknown}
 g - 2 potions of cancellation {unknown}
 j - 2 potions of flight {unknown}
 m - 5 potions of curing {unknown}
 p - 3 potions of ambrosia {unknown}
 s - 4 potions of degeneration {unknown}
 t - a potion of mutation {unknown}


   Skills:
 + Level 3.8 Fighting
 + Level 5.2 Dodging
 + Level 2.4 Stealth
 + Level 9.2 Unarmed Combat


You had 7 spell levels left.
You didn't know any spells.
Your spell library was empty.

Dungeon Overview and Level Annotations

Branches:
Dungeon (6/15)             Temple (0/1) D:6

Altars:
Qazlal
The Shining One

Shops:
D:1 [

Annotations:
D:6 browni3141's ghost, novice MiBe


Innate Abilities, Weirdness & Mutations

You are too large for most types of armour.
You have claws for hands.
Your natural rate of healing is unusually fast.
You are covered in fur. (AC +1)
You have tough skin. (AC +1)


Message History

The white imp gestures at you. The puff of frost hits you!
* * * LOW HITPOINT WARNING * * *
You claw the white imp!
You kill the white imp!
Trog accepts your kill.
The ice beast hits you but does no damage.
You completely miss the killer bee simulacrum.
The killer bee simulacrum closely misses you.
The ice beast closely misses you.
You mangle the killer bee simulacrum!!
The killer bee simulacrum vaporises!
Trog accepts your kill. Browni3141's ghost misses you.
The ice beast barely misses you.
You closely miss the ice beast. Browni3141's ghost hits you.
* * * LOW HITPOINT WARNING * * *
Browni3141's ghost freezes you.
* * * LOW HITPOINT WARNING * * *
The ice beast misses you.
You closely miss the ice beast.
The white imp is engulfed in freezing vapours.
The white imp gestures at you. The puff of frost hits you.
* * * LOW HITPOINT WARNING * * *
Browni3141's ghost completely misses you.
You barely miss the ice beast.
The ice beast hits you but does no damage.
The white imp is engulfed in freezing vapours.
The white imp hits you.
* * * LOW HITPOINT WARNING * * *
The white imp freezes you.
* * * LOW HITPOINT WARNING * * *
Browni3141's ghost barely misses you.
Aiming: Polymorph
Press: ? - help, Shift-Dir - straight line, f - ice beast
Aim: an ice beast (will become an acid dragon, a wyvern, or a rime drake, chance to affect: 49%)
The ice beast resists with some effort.
The ice beast hits you.
* * * LOW HITPOINT WARNING * * *
The ice beast freezes you!
You die...

..)..###.....#..# #.#
....## #####....# #.#
....# .....###..######.#
...##........##........##
.#.#...###....##........#
.#.#..W..##....#..####..#
.#.##.....#....#.#####..#
.#..#Y...$##...5........#
....#...=.[#...W@.#.##.(#
#..##.#...$#...Y.###....#
##.#W.# ..##...#.# ##.#.#
#.#..# #....#.## ##..#
##.#..Y###.?..##..###.###
...##5Y..$..###...##.##
#...###5..###.....#.##
##.)).#####...##.#.##
#).#.......#.##.#.#


You could see an ice beast, browni3141's ghost and a white imp.

Vanquished Creatures
  Pikel (D:6)
  Grinder (D:3)
  Sigmund (D:2)
  An orc warrior (D:6)
  2 ice beasts
  A necrophage (D:5)
  A centaur (D:5)
  A lemure (D:6)
  Blork the orc (D:5)
  A bullfrog (D:6)
  3 scorpions
  A water moccasin skeleton (D:6)
  A bullfrog zombie (D:5)
  An orc priest (D:5)
  A hound (D:4)
  3 orc wizards
  A hound skeleton (D:4)
  A killer bee simulacrum (D:6)
  3 adders
  4 gnolls (D:4)
  A howler monkey skeleton (D:6)
  2 shadow imps
  3 white imps (D:6)
  An ufetubus (D:5)
  2 worms
  3 dart slugs
  12 orcs
  3 ball pythons
  10 endoplasms
  4 giant cockroaches
  5 goblins
  7 hobgoblins
  2 jackals (D:1)
  3 kobolds
  5 quokkas
  9 bats
  4 frilled lizards
  3 rats (D:1)
109 creatures vanquished.

Vanquished Creatures (others)
  An ufetubus (D:6)
1 creature vanquished.

Grand Total: 110 creatures vanquished

Notes
Turn   | Place    | Note
-------+----------+-------------------------------------------
     0 | D:1      | Alacron the Troll Berserker began the quest for the Orb.
     0 | D:1      | Reached XP level 1. HP: 22/22 MP: 0/0
    81 | D:1      | Reached XP level 2. HP: 29/29 MP: 1/1
   117 | D:1      | Found Zabobum's Antique Armour Shoppe.
   151 | D:1      | Found a faded altar of an unknown god.
   229 | D:1      | Reached ** piety under Trog
   334 | D:1      | Reached XP level 3. HP: 36/36 MP: 2/2
   941 | D:2      | Noticed Sigmund
   948 | D:2      | Killed Sigmund
   949 | D:2      | Reached skill level 5 in Unarmed Combat
   949 | D:2      | Reached XP level 4. HP: 39/45 MP: 3/3
   949 | D:2      | Reached XP level 5. HP: 46/53 MP: 4/4
  1501 | D:3      | Noticed Grinder
  1511 | D:3      | Killed Grinder
  1512 | D:3      | Reached XP level 6. HP: 57/61 MP: 5/5
  1554 | D:3      | Noticed an ice beast
  1559 | D:3      | Killed an ice beast
  1560 | D:3      | Reached skill level 6 in Unarmed Combat
  1659 | D:3      | Found a stormy altar of Qazlal.
  2066 | D:4      | Reached XP level 7. HP: 67/67 MP: 6/6
  2252 | D:4      | Reached *** piety under Trog
  2288 | D:4      | Reached skill level 1 in Stealth
  2554 | D:5      | Entered Level 5 of the Dungeon
  2577 | D:5      | Reached skill level 7 in Unarmed Combat
  2734 | D:5      | Noticed Blork the orc
  2745 | D:5      | Killed Blork the orc
  2790 | D:5      | Found a glowing golden altar of the Shining One.
  2831 | D:5      | Reached XP level 8. HP: 72/75 MP: 7/7
  3429 | D:5      | Identified the +2 robe of Birdsong {rPois Slay-6 Archmagi}
  3458 | D:6      | Noticed Pikel
  3475 | D:6      | Killed Pikel
  3476 | D:6      | Reached skill level 8 in Unarmed Combat
  3610 | D:6      | Reached skill level 5 in Dodging
  3643 | D:6      | Found a runed translucent gate.
  3643 | D:6      | Found a runed translucent gate.
  3646 | D:6      | Found a runed translucent gate.
  3824 | D:6      | Reached skill level 9 in Unarmed Combat
  3825 | D:6      | Reached **** piety under Trog
  3987 | D:6      | Found a staircase to the Ecumenical Temple.
  4313 | D:6      | Noticed browni3141's ghost (novice MiBe)
  4353 | D:6      | HP: 1/78 [ice beast (4)]
  4353 | D:6      | Mangled by an ice beast

Illustrated notes

Levels and vault maps discovered:
D:1:      minmay_arrival_four_circles, layout_rooms, serial_shops, shop,
          basic_ecumenical_altar
D:2:      layout_loops_ring, minmay_cupped, uniq_sigmund
D:3:      layout_loops_corners, mainiacjoe_overflow_chevrons, st_stairs_6,
          minmay_ruptured, uniq_grinder
D:4:      layout_rooms
D:5:      layout_basic, mainiacjoe_overflow_24_doors, uniq_blork_the_orc
D:6:      layout_loops_ring, lemuel_temple_firewalk_b, gammafunk_ghost_icy,
          amcnicky_mini_corridor_feature, uniq_pikel

Skill      XL: |  1  2  3  4  5  6  7  8 |
---------------+-------------------------+-----
Fighting       | 3 |  3.8
Dodging        | 3 4 5 |  5.2
Unarmed Combat | 5 6 7 9 |  9.2
Stealth        | 1 2 |  2.4

Action                   |  1- 3 |  4- 6 |  7- 9 || total
-------------------------+-------+-------+-------++-------
Melee: Unarmed           |    98 |    47 |   161 ||   306
       Punch             |     3 |     3 |     6 ||    12
Evoke: Wand              |       |       |     1 ||     1
 Stab: Sleeping          |       |     1 |     4 ||     5
Armor: Animal skin       |    33 |     7 |    31 ||    71
Dodge: Dodged            |    51 |    22 |   107 ||   180
